AoeStats
← ButterMyHead

Coastal Forest

511065645Analyzed
4v4 RM · 8h ago on Oct 3, 2026· 31m 36s· 8 players
Game mode
Random Map
Map size
Large (8 player)
Population
200
Speed
Normal
Resources
Standard
Victory
Conquest
Starting age
Dark Age
Ending age
Imperial Age
RankedLock teamsTeams togetherTeam positionsShared explorationLock speedFull tech treeHidden civsTurbo modeCheats
Victory
Defeat
🇵🇪 Magyars · Peru
1197
+6
🇨🇴 Vietnamese · Colombia
999
+13
🇺🇸 Franks · United States
926
+16
🇦🇷 Vikings · Argentina
796
+20
🇺🇸 Huns · United States
947
-14
🇩🇪 Teutons · Germany
939
-14
🇺🇸 Wei · United States
924
-14
🇦🇷 Franks · Argentina
905
-13
Jan
11:27 Feudal Age
13:04 Loom
19:30 Castle Age
19:10 Scale Barding Armor
19:17 Forging
20:24 Husbandry
20:22 Double-Bit Axe
20:19 Horse Collar
23:52 Stone Mining
Surfer's Gambit
0:28 Loom
12:31 Feudal Age
13:00 Double-Bit Axe
13:01 Fishing Lines
14:01 Wheelbarrow
14:15 Town Watch
20:19 Bloodlines
25:17 Castle Age
25:29 Scale Barding Armor
25:34 Forging
25:37 Horse Collar
ButterMyHead
5:00 Loom
5:06 Loom
10:57 Feudal Age
21:31 Castle Age
26:54 Double-Bit Axe
26:59 Elite Skirmisher
27:31 Horse Collar
__As_Sgto_Cabral_Arg
0:29 Loom
11:02 Feudal Age
18:35 Castle Age
26:01 Husbandry
MKNT NavyBlock
10:58 Feudal Age
9:35 Loom
18:05 Castle Age
16:20 Scale Barding Armor
18:51 Husbandry
22:29 Wheelbarrow
22:00 Double-Bit Axe
22:45 Scale Mail Armor
29:01 Hand Cart
Dan96
9:49 Loom
12:13 Feudal Age
14:05 Fishing Lines
14:19 Double-Bit Axe
21:38 Castle Age
21:18 Horse Collar
21:30 Gold Mining
21:47 Scale Barding Armor
23:32 Bow Saw
23:54 Medium Warships
23:32 Light Cavalry
25:06 Gillnets
31:34 Scale Mail Armor
31:57 Chain Barding Armor
MKNT | MSP
7:03 Loom
10:03 Feudal Age
13:54 Fletching
23:02 Castle Age
22:15 Padded Archer Armor
24:31 Crossbowman
26:13 Bodkin Arrow
29:55 Wheelbarrow
30:40 Leather Archer Armor
30:36 Forging
30:15 Double-Bit Axe
30:16 Horse Collar
31:02 Hand Cart
JUSTICIA
10:37 Feudal Age
22:13 Castle Age
22:28 Double-Bit Axe
22:34 Loom
22:32 Horse Collar
24:57 Forging
Connection lost

Rejoining the realm…

Still unreachable

The connection could not be restored.

Session expired

The server has moved on; the page needs a fresh start.